 Dungeon Crawl Stone Soup version 0.29-a0-582-ge82337ba6a (webtiles) character file.

Game seed: 17712396812478175712

1893 zishaf the Magician (level 9, -4/65 HPs)
             Began as a Djinni Venom Mage on June 14, 2022.
             Was a Believer of Makhleb.
             Slain by a wight
             ... wielding a +2 battleaxe
              (7 damage)
             ... on level 6 of the Dungeon.
             The game lasted 00:18:51 (9383 turns).

zishaf the Magician (Djinni Venom Mage)             Turns: 9383, Time: 00:18:52

Health: -4/65      AC:  8    Str: 13    XL:     9   Next: 37%
Gold:   124        EV: 12    Int: 20    God:    Makhleb [**....] SH:  0 Dex: 15

rFire   + + .      SeeInvis .   a - +2 falchion (protect)
rCold   . . .      Faith    .   (no shield)
rNeg    . . .      Spirit   .   r - +1 leather armour {rPois}
rPois   ∞          Reflect  .   k - +0 helmet
rElec   .          Harm     .   (no cloak)
rCorr   .          Rampage  .   w - +2 pair of gloves
Will    .....                   (boots unavailable)
Stlth   ++........              (no amulet)
HPRegen 0.20/turn               m - ring of protection from cold
MPRegen 0.00/turn               q - +6 ring of strength

@: flying
A: sickness immunity, fire resistance 2, cold vulnerability 1, float, innate
caster, HP casting, extra vitality 1
a: Renounce Religion, Minor Destruction


You were on level 6 of the Dungeon.
You worshipped Makhleb.
Makhleb was pleased with you.
You visited 2 branches of the dungeon, and saw 7 of its levels.

You collected 326 gold pieces.
You spent 202 gold pieces at shops.

Inventory:

Hand Weapons
 a - a +2 falchion of protection (weapon)
 t - a +2 dagger of holy wrath
Missiles
 o - 5 curare-tipped darts
Armour
 k - a +0 helmet (worn)
 l - a +0 robe
 r - a +1 leather armour of poison resistance (worn)
 w - a +2 pair of gloves (worn)
Jewellery
 e - a ring of fire
 m - a ring of protection from cold (left hand)
 q - a +6 ring of strength (right hand)
Wands
 i - a wand of iceblast (8)
 p - a wand of flame (7)
 v - a wand of acid (7)
 A - a wand of mindburst (6)
Scrolls
 b - 3 scrolls of poison
 h - a scroll of vulnerability
 j - a scroll of fog
 s - 2 scrolls of blinking
 x - a scroll of teleportation
 y - 3 scrolls of identify
Potions
 c - a potion of invisibility
 d - 2 potions of brilliance
 f - 2 potions of resistance
 g - 2 potions of mutation
 n - 2 potions of lignification {unknown}
 u - a potion of might {unknown}
 z - 2 potions of curing


   Skills:
 + Level 5.0 Fighting
 + Level 4.1 Long Blades
 - Level 2.1 Dodging
 - Level 1.5 Stealth
 * Level 6.2 Spellcasting
 + Level 3.8 Invocations
 + Level 3.0 Evocations


You had one spell level left.
You knew the following spells:

 Your Spells              Type           Power      Damage    Failure   Level
a - Sting                 Tmut/Pois      100%       1d8       1%          1
b - Anguish               Hex/Necr       15%        N/A       10%         4
c - Poisonous Vapours     Pois/Air       62%        N/A       1%          2
z - Mephitic Cloud        Conj/Pois/Air  31%        N/A       3%          3
A - Olgreb's Toxic Radia  Pois           31%        N/A       10%         4
B - Scorch                Fire           62%        2d8       1%          2
C - Wereblood             Tmut           31%        N/A       1%          2
D - Beastly Appendage     Tmut           62%        N/A       1%          1
Your spell library was empty.

Dungeon Overview and Level Annotations

Branches:
Dungeon (6/15)             Temple (1/1) D:4

Altars:
Cheibriados
Dithmenos
Elyvilon
Fedhas
Gozag
Hepliaklqana
Kikubaaqudgha
Makhleb
Nemelex Xobeh
Okawaru
Qazlal
Sif Muna
Trog
Uskayaw
Wu Jian
Xom
Yredelemnul
Zin
The Shining One

Shops:
D:5 [


Innate Abilities, Weirdness & Mutations

You are immune to sickness and miasma.
You are immune to poison.
Your flesh is very heat resistant. (rF++)
You are vulnerable to cold. (rC-)
You float through the air rather than walking.
You learn spells naturally, not from books.
Your magical power is your life essence.
You have superior vitality. (+4 MHP)


Message History

Confirm with . or Enter, or press ? or * to list all spells.
Flames lash the necrophage.
The necrophage is burned terribly!
You destroy the necrophage!
Makhleb accepts your kill.
You can now harness Makhleb's destructive might.
The wight hits you with a +1 battleaxe.
Casting: Scorch (safe; 1% risk of failure)
Confirm with . or Enter, or press ? or * to list all spells.
Flames lash the wight.
The wight is moderately damaged.
The wight's fire resistance burns away.
* * * LOW HITPOINT WARNING * * *
The wight misses you.
Casting: Scorch (safe; 1% risk of failure)
Confirm with . or Enter, or press ? or * to list all spells.
Flames lash the wight.
The wight is burned terribly!
You destroy the wight!
Makhleb accepts your kill.
* * * LOW HITPOINT WARNING * * *
Your Fighting skill increases to level 5!
Your Evocations skill increases to level 3!
The wight attacks as you move away! The wight hits you with a +2 battleaxe!
* * * LOW HITPOINT WARNING * * *
The wight is no longer more vulnerable to fire.
The wight attacks as you move away! The wight barely misses you.
Okay, then.
Casting: Scorch (safe; 1% risk of failure)
Confirm with . or Enter, or press ? or * to list all spells.
Flames lash the wight.
The wight is heavily damaged.
The wight's fire resistance burns away.
* * * LOW HITPOINT WARNING * * *
The wight hits you with a +2 battleaxe.
* * * LOW HITPOINT WARNING * * *
Casting: Scorch (safe; 1% risk of failure)
Confirm with . or Enter, or press ? or * to list all spells.
Flames lash the wight but do no damage.
* * * LOW HITPOINT WARNING * * *
The wight hits you with a +2 battleaxe!
You die...

#...##### #.
...####........ .####.
........................
#)# #...#.####. #)#
...#.# #. #)# #..#.#####
#.####.# ####..#.#.###
#....zz# #..........##
#.####@# #.##..#.#..##
#.####.##..#.#....
##.................
#.###..........####..##
#...........##.# #..##
#.####.######### #..##
#.# #..## #.# ##.## #.#
#.##


You could see 2 wights.

Vanquished Creatures
  Grinder (D:3)
  Menkaure (D:5)
  A sky beast (D:6)
  3 ice beasts (D:6)
  2 ogres
  A phantom (D:4)
  A kobold brigand (D:6)
  A scorpion (D:6)
  2 necrophages (D:6)
  3 wights (D:6)
  2 hounds
  A jelly (D:6)
  An orc priest (D:2)
  A gnoll shaman (D:6)
  2 iguanas
  2 orc wizards
  11 gnolls
  8 adders
  An ufetubus (D:6)
  2 worms
  5 dart slugs (D:1)
  13 orcs
  5 ball pythons (D:1)
  11 endoplasms
  6 giant cockroaches
  5 hobgoblins
  9 jackals
  8 kobolds
  4 quokkas
  8 bats
  3 frilled lizards
  14 goblins
  4 rats
142 creatures vanquished.

Notes
Turn   | Place    | Note
-------+----------+-------------------------------------------
     0 | D:1      | zishaf the Djinni Venom Mage began the quest for the Orb.
     0 | D:1      | Reached XP level 1. HP: 15/15 MP: 0/0
   215 | D:1      | Reached XP level 2. HP: 17/22 MP: 0/0
   578 | D:1      | Reached skill level 1 in Fighting
   864 | D:1      | Reached skill level 3 in Spellcasting
   864 | D:1      | Reached XP level 3. HP: 20/27 MP: 0/0
   864 | D:1      | Learned a level 1 spell: Beastly Appendage
  1784 | D:1      | Reached XP level 4. HP: 14/32 MP: 0/0
  2338 | D:2      | Reached XP level 5. HP: 27/38 MP: 0/0
  2338 | D:2      | Learned a level 2 spell: Wereblood
  3319 | D:2      | Reached skill level 4 in Spellcasting
  3877 | D:3      | Noticed Grinder
  4031 | D:3      | Reached XP level 6. HP: 33/45 MP: 0/0
  4171 | D:3      | Reached skill level 1 in Long Blades
  4210 | D:3      | Paralysed by Grinder for 2 turns
  4616 | D:4      | Found a staircase to the Ecumenical Temple.
  4632 | Temple   | Entered the Ecumenical Temple
  4831 | Temple   | Became a worshipper of Makhleb the Destroyer
  6210 | D:3      | Found a faded altar of an unknown god.
  6514 | D:5      | Entered Level 5 of the Dungeon
  6514 | D:5      | Noticed Menkaure
  7038 | D:5      | Noticed an ogre
  7066 | D:5      | Killed an ogre
  7067 | D:5      | Reached skill level 1 in Invocations
  7067 | D:5      | Reached XP level 7. HP: 35/50 MP: 0/0
  7067 | D:5      | Learned a level 2 spell: Scorch
  7336 | D:3      | Reached * piety under Makhleb
  7486 | D:3      | Killed Grinder
  7487 | D:3      | Reached skill level 5 in Spellcasting
  7762 | D:4      | Reached XP level 8. HP: 48/58 MP: 0/0
  7820 | D:5      | Killed Menkaure
  7821 | D:5      | Reached skill level 1 in Evocations
  8047 | D:5      | Found Cayfeh's Antique Armour Shoppe.
  8057 | D:5      | Bought a pair of glowing gloves for 202 gold pieces
  8886 | D:6      | Reached XP level 9. HP: 35/63 MP: 0/0
  8886 | D:6      | Learned a level 4 spell: Anguish
  9140 | D:6      | Reached skill level 6 in Spellcasting
  9376 | D:6      | Reached ** piety under Makhleb
  9380 | D:6      | Reached skill level 5 in Fighting
  9383 | D:6      | Slain by a wight

Illustrated notes

Levels and vault maps discovered:
D:1:      lemuel_arrival_lava_pool, layout_basic
D:2:      layout_loops_cross
D:3:      layout_loops_ring, shapermc_ecumenical_altar_mp_highgroup,
          nrook_mini_vaults, hangedman_abyss_or_decor_lesser_grid,
          minmay_misc_feat_encased, grunt_decor_clamped, minmay_between,
          uniq_grinder
D:4:      layout_basic, nicolae_sif_muna_condensation,
          minmay_temple_entry_fiery, minmay_misc_feat_x,
          nicolae_underground_beach
D:5:      layout_rooms, serial_shops, nicolae_shop_waterfront,
          hangedman_glass_teeth, minivault_26, hex_medium, dk_rats_in_the_wall,
          uniq_menkaure
D:6:      layout_basic, amethyst_overflow_temple_binary,
          minmay_stone_trees_small, st_stairs_10
Temple:   regret_index_temple_mists

Skill      XL: |  1  2  3  4  5  6  7  8  9 |
---------------+----------------------------+-----
Fighting       | 1 2 3 4 5 |  5.0
Spellcasting   | 3 4 5 6 |  6.2
Long Blades    | 2 3 4 |  4.1
Invocations    | 1 2 3 |  3.8
Evocations     | 2 3 |  3.0
Dodging        | |  2.1
Stealth        | |  1.5

Action                   |  1- 3 |  4- 6 |  7- 9 || total
-------------------------+-------+-------+-------++-------
Melee: Falchion          |     5 |    90 |    18 ||   113
       Unarmed           |     1 |       |       ||     1
 Cast: Sting             |    74 |    42 |     3 ||   119
       Beastly Appendage |     1 |       |       ||     1
       Poisonous Vapours |       |    75 |    26 ||   101
       Mephitic Cloud    |       |    13 |     5 ||    18
       Scorch            |       |       |    56 ||    56
       Olgreb's Toxic Ra |       |       |     1 ||     1
  Use: Scroll            |       |    14 |     2 ||    16
 Stab: Confused          |       |     2 |     1 ||     3
       Sleeping          |       |     1 |       ||     1
Armor: Robe              |     7 |     6 |       ||    13
       Leather armour    |       |    21 |    11 ||    32
Dodge: Dodged            |    16 |    60 |    18 ||    94

Table legend: (Time is in decaauts)
 A = Elapsed time spent in this place.
 B = Non-inter-level travel time spent in this place.
 C = Inter-level travel time spent in this place.
 D = Time resting spent in this place.
 E = Time spent auto-exploring this place.
 F = Levels seen in this place.
 G = Mean time per level.
                   A        B        C        D        E       F      G
               +--------+--------+--------+--------+--------+-----+--------+
         Total |   9412 |   8982 |    430 |   1571 |   5801 |   7 | 1344.6 |
       Dungeon |   9203 |   8781 |    422 |   1571 |   5638 |   6 | 1533.8 |
        Temple |    208 |    200 |      8 |      0 |    163 |   1 |  208.0 |
               +--------+--------+--------+--------+--------+-----+--------+

Top non-repeatable levels by time:
     D:1: 2041 daAuts
     D:4: 1989 daAuts
     D:2: 1665 daAuts
     D:3: 1637 daAuts
     D:5: 945 daAuts
     D:6: 924 daAuts
  Temple: 208 daAuts
